 Dungeon Crawl Stone Soup version 0.31-a0-360-gb3e1d13bf4 (webtiles) character file.

Game seed: 7918851302675710531

41 porpoise the Slasher (level 3, 0/28 HPs)
             Began as a Demonspawn Gladiator on July 27, 2023.
             Slain by a gnoll
             ... wielding a +0 spear
              (2 damage)
             ... on level 2 of the Dungeon.
             The game lasted 00:04:30 (1271 turns).

porpoise the Slasher (Demonspawn Gladiator)         Turns: 1271, Time: 00:04:31

Health: 0/28       AC:  6    Str: 14    XL:     3   Next: 32%
Magic:  3/3        EV: 11    Int:  9    God:
Gold:   130        SH:  4    Dex: 16    Spells: 2/2 levels left

rFire   . . .        a - +0 long sword
rCold   . . .        (no shield)
rNeg    . . .        h - +0 ring mail
rPois   .            c - +0 helmet
rElec   .            (no cloak)
rCorr   .            (no gloves)
SInv    .            (no boots)
Will    .....        (no amulet)
Stlth   +            (no ring)
HPRegen 0.24/turn    (no ring)
MPRegen 0.16/turn

%: no passive effects
@: no status effects
A: magic regeneration, condensation shield
a: no special abilities


You were on level 2 of the Dungeon.
You visited 1 branch of the dungeon, and saw 2 of its levels.

You collected 130 gold pieces.

Inventory:

Hand Weapons
 a - a +0 long sword (weapon)
 b - a +0 sling
Missiles
 d - 3 throwing nets (quivered)
 e - a javelin
Armour
 c - a +0 helmet (worn)
 h - a +0 ring mail (worn)
Scrolls
 g - a scroll of identify {unknown}
 i - 2 scrolls of teleportation {unknown}
Potions
 f - 3 potions of curing {unknown}


   Skills:
 + Level 2.7 Fighting
 * Level 3.6 Long Blades
 - Level 1.7 Throwing
 - Level 2.6 Dodging


You had 2 spell levels left.
You didn't know any spells.
Your spell library was empty.

Dungeon Overview and Level Annotations

Branches:
Dungeon (2/15)

Altars:


Innate Abilities, Weirdness & Mutations

You regenerate magic rapidly.
A meltable shield of frost defends you. (SH +4)


Message History

The hobgoblin hits you but does no damage.
You completely miss the hobgoblin.
The hobgoblin is severely wounded.
The hobgoblin misses you. You block the hobgoblin's attack.
You hit the hobgoblin.
The hobgoblin is almost dead.
The hobgoblin hits you but does no damage.
You hit the hobgoblin but do no damage.
The hobgoblin is almost dead.
The hobgoblin hits you but does no damage.
You hit the hobgoblin.
You kill the hobgoblin!
You start resting.
HP restored.
The gnoll shouts!
You hear a shout! x2
b - a +0 sling (weapon)
You shoot a sling bullet.
The sling bullet hits the gnoll but does no damage.
You shoot a sling bullet.
The sling bullet barely misses the gnoll.
The gnoll misses you.
a - a +0 long sword (weapon)
The gnoll shouts!
The gnoll barely misses you. The gnoll hits you but does no damage.
You hit the gnoll.
The gnoll is moderately wounded.
The gnoll hits you with a +0 spear.
The gnoll hits you from afar with a +0 spear.
The gnoll closely misses you.
The gnoll hits you from afar with a +0 spear!
You closely miss the gnoll.
The gnoll is moderately wounded.
The gnoll hits you from afar with a +0 spear!
The gnoll hits you with a +0 spear.
* * * LOW HITPOINT WARNING * * *
You completely miss the gnoll.
The gnoll is moderately wounded.
The gnoll hits you from afar with a +0 spear.
* * * LOW HITPOINT WARNING * * *
The gnoll hits you with a +0 spear.
You die...

..#### .....#
.#.#.# #.#.##
.###.# #.#.##
.#.#.# #.#.##
############ .###.#
#ggg@......# #.#.##
#.########.# .#.#.#
##...# ##.## #.#.##
#..#....###...#####
.###.# #..
#...<.......#
#.#.## #.#
#####...###.#
.#.#.# #.# ##.##
#.#.## ####g# ..#
.###.# #.##.#######
###


You could see 3 gnolls.

Vanquished Creatures
  3 bats
  7 endoplasms
  2 giant cockroaches (D:2)
  A goblin (D:1)
  2 hobgoblins (D:2)
  6 kobolds
  2 quokkas (D:1)
  2 ball pythons (D:1)
  4 frilled lizards (D:1)
  10 rats
39 creatures vanquished.

Notes
Turn   | Place    | Note
-------+----------+-------------------------------------------
     0 | D:1      | porpoise the Demonspawn Gladiator began the quest for the
                  | Orb.
     0 | D:1      | Reached XP level 1. HP: 16/16 MP: 1/1
    76 | D:1      | Reached skill level 3 in Long Blades
   142 | D:1      | Gained mutation: You regenerate magic rapidly. [demonic
                  | ancestry]
   142 | D:1      | Reached XP level 2. HP: 20/22 MP: 2/2
   240 | D:1      | You fall into a shaft and drop 1 floor!
   712 | D:2      | HP: 1/23 [gnoll/+0 spear (2)]
   838 | D:1      | Gained mutation: A meltable shield of frost defends you.
                  | (SH +4) [demonic ancestry]
   838 | D:1      | Reached XP level 3. HP: 28/28 MP: 3/3
   949 | D:1      | Found a faded altar of an unknown god.
  1271 | D:2      | Slain by a gnoll

Illustrated notes

Levels and vault maps discovered:
D:1:      shiori_arrival_maze, layout_rooms, shapermc_ecumenical_altar_petra,
          nicolae_titane
D:2:      layout_loops_ring, serial_bayou_pond_d, dreamdust_wishing_well,
          roderic_roman_lattice, minmay_rat_gold_closets

Skill      XL: |  1 |
---------------+----+-----
Long Blades    | 3 |  3.6
Fighting       | |  2.7
Throwing       | |  1.7
Dodging        | |  2.6

Action                     || total
---------------------------++-------
  Melee: Long sword        ||    82
   Fire: Sling             ||    20
   Stab: Sleeping          ||     1
 Armour: Leather armour    ||    10
         Ring mail         ||    17
  Dodge: Dodged            ||    41
  Block: Other             ||     2

Table legend: (Time is in decaauts)
 A = Elapsed time spent in this place.
 B = Non-inter-level travel time spent in this place.
 C = Inter-level travel time spent in this place.
 D = Time resting spent in this place.
 E = Time spent auto-exploring this place.
 F = Levels seen in this place.
 G = Mean time per level.
                   A        B        C        D        E       F      G
               +--------+--------+--------+--------+--------+-----+--------+
         Total |   1295 |   1281 |     14 |    142 |    730 |   2 |  647.5 |
       Dungeon |   1295 |   1281 |     14 |    142 |    730 |   2 |  647.5 |
               +--------+--------+--------+--------+--------+-----+--------+

Top non-repeatable levels by time:
     D:1: 765 daAuts
     D:2: 530 daAuts
